 Dungeon Crawl Stone Soup version 0.29.0-4-gdea44cf6ec (webtiles) character file.

Game seed: 4629796627610528979

30 qw the Sneak (level 3, -2/23 HPs)
             Began as a Gargoyle Delver on Sept 10, 2022.
             Slain by an orc
             ... wielding a +0 trident
              (3 damage)
             ... on level 4 of the Dungeon.
             The game lasted 00:00:16 (956 turns).

qw the Sneak (Gargoyle Delver)                       Turns: 956, Time: 00:00:16

Health: -2/23      AC:  6    Str: 17    XL:     3   Next: 20%
Magic:  3/3        EV: 11    Int: 10    God:
Gold:   25         SH:  0    Dex: 11    Spells: 2/2 levels left

rFire   . . .      SeeInvis .   a - +0 hand axe
rCold   . . .      Faith    .   (no shield)
rNeg    + . .      Spirit   .   b - +0 leather armour
rPois   inf        Reflect  .   (no helmet)
rElec   +          Harm     .   (no cloak)
rCorr   .          Rampage  .   (no gloves)
Will    .....                   (no boots)
Stlth   +++.......              (no amulet)
HPRegen 0.07/turn               (no ring)
MPRegen 0.08/turn               (no ring)

@: no status effects
A: sickness immunity, AC +3, negative energy resistance 1, electricity
resistance, torment resistance 1, petrification resistance
a: no special abilities


You were on level 4 of the Dungeon.
You visited 1 branch of the dungeon, and saw 2 of its levels.

You collected 25 gold pieces.


Innate Abilities, Weirdness & Mutations

You are immune to sickness and miasma.
Your stone body is resilient. (AC +3)
You are immune to poison.
You resist negative energy. (rN+)
You are resistant to electric shocks. (rElec)
You are resistant to unholy torment.
You are immune to petrification.


   Skills:
 - Level 3.2 Fighting
 + Level 3.2 Axes
 - Level 1.5 Dodging
 - Level 5.4 Stealth


You had 2 spell levels left.
You didn't know any spells.
Your spell library was empty.

Inventory:

Hand Weapons
 a - a +0 hand axe (weapon)
 c - a +0 vorpal mace
Armour
 b - a +0 leather armour (worn)
 e - a scarf of invisibility
Jewellery
 d - a ring of wizardry
Wands
 g - a wand of digging (3)
Scrolls
 h - a scroll of teleportation {unknown}
Potions
 f - a potion of haste

Dungeon Overview and Level Annotations

Branches:
Dungeon (5/15)
 Temple: D:4-7

Altars:


Message History

You closely miss something. Something hits you.
You closely miss something. Something hits you.
You hit something but do no damage. Something completely misses you.
The orc wizard mumbles some strange words.
The orc wizard flickers and vanishes!
You closely miss something.
You hear some strange, mumbled words.
A magic dart appears from out of thin air!
The magic dart hits you.
You miss something. Something hits you.
You hit something.
Something hits you but does no damage. x2
You hit something. Something hits you but does no damage.
You hit something. Something hits you but does no damage.
You hit something but do no damage. Something hits you.
You closely miss something. Something hits you but does no damage.
You hear some strange, mumbled words.
A puff of flame appears from out of thin air!
The puff of flame hits something!
Reactivating autopickup.
You feel a bit more experienced.
Your Axes skill increases to level 3!
You have reached level 3!
Your experience leads to an increase in your attributes!
Increase (S)trength, (I)ntelligence, or (D)exterity?
You feel stronger. x2
The orc barely misses you. Something hits you.
Deactivating autopickup; reactivate with Ctrl-A.
Things that are here:
a +0 dagger; a +0 robe You barely miss something.
The orc hits you from afar with a +0 trident.
You die...

................# #.
#..####.##.###.## #.
##.##.# #.# #. #..##.#
#.# #. #.###.# #.# ##.
#.# #.# #.# #.. #.#
#.###.####..
#######.###...........
#..o{@...............#
#.#####.#######.######
#.# #.# #.# #.# #.#
#.# #.# #.# #.# #.. .#
###


You could see an orc.

Vanquished Creatures
  An orc (D:4)
  A ball python (D:4)
  2 giant cockroaches (D:4)
  2 hobgoblins (D:4)
  A kobold (D:4)
7 creatures vanquished.

Vanquished Creatures (others)
  An orc wizard (D:4)
1 creature vanquished.

Grand Total: 8 creatures vanquished

Notes
Turn   | Place    | Note
-------+----------+-------------------------------------------
     0 | D:5      | Found the +6 shillelagh "Devastator" {shatter}
     0 | D:5      | qw the Gargoyle Delver began the quest for the Orb.
     0 | D:5      | Reached XP level 1. HP: 14/14 MP: 1/1
     0 | D:5      | 0 ||| qw: Version: 0.1-a-117-gfe26ee0
     0 | D:5      | 0 ||| qw: Game counter: 9742
     0 | D:5      | 0 ||| qw: Always use a shield: true
     0 | D:5      | 0 ||| qw: God list: Okawaru
     0 | D:5      | 0 ||| qw: Allow faded altars: false
     0 | D:5      | 0 ||| qw: Do Orc after D:15 true
     0 | D:5      | 0 ||| qw: Do second Lair branch before Depths: true
     0 | D:5      | 0 ||| qw: Lair rune preference: random
     0 | D:5      | 0 ||| qw: Plans: Normal
     0 | D:5      | 0 ||| PLANNING D:1-11
     0 | D:5      | 0 ||| DROPPING scroll of fog.
     1 | D:5      | 1 ||| DROPPING scroll of magic mapping.
     2 | D:5      | 2 ||| DROPPING scroll of fear.
   198 | D:4      | Reached XP level 2. HP: 19/19 MP: 2/2
   213 | D:4      | 213 ||| Stepping ~*~*~tactically~*~*~ (stealth).
   224 | D:4      | HP: 4/19 [hobgoblin (1)]
   279 | D:4      | 279 ||| Stepping ~*~*~tactically~*~*~ (stealth).
   284 | D:4      | 284 ||| Stepping ~*~*~tactically~*~*~ (stealth).
   293 | D:4      | 293 ||| Stepping ~*~*~tactically~*~*~ (stealth).
   528 | D:4      | 528 ||| Stepping ~*~*~tactically~*~*~ (hiding).
   630 | D:4      | 630 ||| Stepping ~*~*~tactically~*~*~ (hiding).
   732 | D:4      | 732 ||| Stepping ~*~*~tactically~*~*~ (hiding).
   834 | D:4      | 834 ||| Stepping ~*~*~tactically~*~*~ (hiding).
   949 | D:4      | HP: 4/19 [something (3)]
   953 | D:4      | HP: 1/19 [something (3)]
   955 | D:4      | Reached skill level 3 in Axes
   955 | D:4      | Reached XP level 3. HP: 2/23 MP: 3/3
   956 | D:4      | Slain by an orc

Levels and vault maps discovered:
D:4:      layout_loops_ring
D:5:      layout_cave_pools, minmay_temple_entry_nine_rooms,
          dilly_guarded_unrand_devastator, uniq_menkaure

Skill      XL: |  1  2 |
---------------+-------+-----
Axes           | 2 3 |  3.2
Fighting       | |  3.2
Dodging        | |  1.5
Stealth        | |  5.4

Action                   || total
-------------------------++-------
Melee: Hand axe          ||    53
Armor: Leather armour    ||    17
Dodge: Dodged            ||    23

Table legend:
 A = Non-vault XP
 B = Vault XP
 C = Vault XP percentage of total XP
 D = Non-vault monster count
 E = Vault monster count
 F = Vault count percentage of total count
                 A         B        C        D         E       F
            +---------+---------+-------+---------+---------+-------
      Total |      44 |       0 |   0.0 |       8 |       0 |   0.0
            +---------+---------+-------+---------+---------+-------
        D:4 |      44 |       0 |   0.0 |       8 |       0 |   0.0
            +---------+---------+-------+---------+---------+-------
